 Dungeon Crawl Stone Soup version 0.24-a0-127-gfc1eed5 (webtiles) character file.

Game seed: 0

512550 galech the Executioner (level 24, -14/206 HPs)
             Began as a Demonspawn Fighter on Feb 22, 2019.
             Was the Champion of Okawaru.
             Demolished by an acid blob (33 damage)
             ... created by the Royal Jelly
             ... on level 5 of the Pits of Slime on Feb 25, 2019.
             The game lasted 01:54:53 (47375 turns).

galech the Executioner (Demonspawn Fighter)        Turns: 47375, Time: 01:54:54

Health: -14/206    AC:  5    Str: 16      XL:     24   Next: 38%
Magic:  0/38       EV: 36    Int: 11 (13) God:    Okawaru [******]
Gold:   5402       SH: 22    Dex: 38      Spells: 23/23 levels left

rFire    + + .     SeeInvis +   L - +8 war axe (flame)
rCold    + . .     Gourm    .   W - +0 shield {AC+3}
rNeg     + + +     Faith    .   F - +0 ring mail of Alyxzof {MR+ rCorr Dex+5 Slay+2}
rPois    +         Spirit   +   (helmet unavailable)
rElec    +         Reflect  +   c - +4 cloak of Vavow {-Tele rN+++ Dex+6}
rCorr    +         Harm     .   h - +4 pair of gloves of Death Resistance {rN+}
MR       ++...     NoTele   +   T - +0 pair of boots of Responsibility {+Blink rElec Slay+4 Stlth-}
Stlth    ++++......             H - amulet "Voutupp" {Reflect -Tele rC+ rN+ SH+2}
HPRegen  0.44/turn              O - ring "Gamomoum" {*Slow rPois MP+9 Int+2 Dex+5}
MPRegen  0.52/turn              K - ring of Lisheot {rF+ EV+4 SInv}

@: heroism, finesse, corroded, very slightly contaminated, studying Stealth,
invisible
A: horns 3, iridescent scales 2, blurry vision 1, fire resistance 1, negative
energy resistance 1, powered by death 2, 50% torment resistance, teleportitis 1,
weak 1, magic shield, magic regeneration, magic link, no potion heal 1, subdued
magic 1
}: 2/15 runes: decaying, serpentine
a: Heroism, Finesse, Renounce Religion, Evoke Blink


You were on level 5 of the Pits of Slime.
You worshipped Okawaru.
Okawaru was exalted by your worship.
You were not hungry.

You visited 9 branches of the dungeon, and saw 45 of its levels.
You visited the Abyss 3 times.
You visited 1 bazaar.
You also visited: Trove, Ossuary, Gauntlet and Ice Cave.

You collected 5402 gold pieces.

Inventory:

Hand Weapons
 L - a +8 war axe of flaming (weapon)
 N - the +2 war axe "Jiuzex" {chop, rElec rF+ SInv}
   (Okawaru gifted it to you on level 2 of the Orcish Mines)

   It inflicts extra damage upon your enemies.
   It protects you from fire.
   It insulates you from electricity.
   It lets you see invisible.
 Z - the +8 longbow "Zephyr" {speed, Dex+3 SInv}
   (You found it on level 10 of the Dungeon)

   Attacks with this weapon are significantly faster.
   It affects your dexterity (+3).
   It lets you see invisible.
Missiles
 t - 1730 arrows
Armour
 c - the +4 cloak of Vavow (worn) {-Tele rN+++ Dex+6}
   (You found it in a Gauntlet)

   It affects your dexterity (+6).
   It renders you almost immune to negative energy.
   It prevents most forms of teleportation.
 h - the +4 pair of gloves of Death Resistance (worn) {rN+}
   (Okawaru gifted it to you on level 4 of the Snake Pit)

   It protects you from negative energy.
 F - the +0 ring mail of Alyxzof (worn) {MR+ rCorr Dex+5 Slay+2}
   (You found it on level 1 of the Depths)

   It affects your dexterity (+5).
   It affects your accuracy and damage with ranged weapons and melee attacks
   (+2).
   It affects your resistance to hostile enchantments.
   It provides partial protection from all sources of acid and corrosion.
 J - the +6 scale mail "Hyip" {+Fly rN+ Str+8 Int-5}
   (You took it off an orc on level 3 of the Elven Halls)

   It affects your strength (+8).
   It affects your intelligence (-5).
   It protects you from negative energy.
   It lets you fly.
 S - +0 gold dragon scales
 T - the +0 pair of boots of Responsibility (worn) {+Blink rElec Slay+4 Stlth-}
   (You found it on level 2 of the Lair of Beasts)

   It affects your accuracy and damage with ranged weapons and melee attacks
   (+4).
   It insulates you from electricity.
   It lets you blink.
   It makes you less stealthy.
 W - a +0 shield of protection (worn)
Jewellery
 j - the ring of Zuekur {rF+ rC+ MR+}
   (You found it on level 4 of the Depths)

   [ring of protection from fire]

   It protects you from fire.
   It protects you from cold.
   It affects your resistance to hostile enchantments.
 u - an uncursed ring of see invisible
 y - an uncursed ring of resist corrosion
 H - the amulet "Voutupp" (around neck) {Reflect -Tele rC+ rN+ SH+2}
   (You took it off an orc on level 3 of the Elven Halls)

   [amulet of reflection]

   It shields you and reflects attacks.
   It protects you from cold.
   It protects you from negative energy.
   It prevents most forms of teleportation.
   It affects your SH (+2).
 K - the ring of Lisheot (right hand) {rF+ EV+4 SInv}
   (You took it off a minotaur in a Gauntlet)

   [ring of evasion]

   It affects your evasion (+4).
   It protects you from fire.
   It lets you see invisible.
 O - the ring "Gamomoum" (left hand) {*Slow rPois MP+9 Int+2 Dex+5}
   (You found it in a treasure trove)

   [ring of magical power]

   It affects your intelligence (+2).
   It affects your dexterity (+5).
   It protects you from poison.
   It affects your magic capacity (+9).
   It may slow you when you take damage.
 V - an uncursed ring of protection from cold
Wands
 d - a wand of digging (6)
 w - a wand of paralysis (8)
 Q - a wand of flame (33)
 Y - a wand of iceblast (6)
Scrolls
 b - 7 scrolls of enchant armour
 i - 19 scrolls of teleportation
 m - 10 scrolls of amnesia
 n - 2 scrolls of vulnerability
 p - a scroll of random uselessness
 r - 8 scrolls of fear
 s - 8 scrolls of remove curse
 v - 6 scrolls of fog
 x - 2 scrolls of brand weapon
 I - 7 scrolls of blinking
 P - a scroll of magic mapping
 U - 2 scrolls of acquirement
Potions
 a - 3 potions of agility {unknown}
 e - 4 potions of flight
 g - 3 potions of heal wounds
 k - 20 potions of curing
 l - 9 potions of mutation
 o - 10 potions of lignification {unknown}
 z - 8 potions of might
 A - 3 potions of berserk rage
 B - a potion of resistance {unknown}
 C - 6 potions of brilliance
 D - 6 potions of haste
 G - 2 potions of invisibility
 M - 8 potions of magic
 R - 3 potions of cancellation
Books
 X - a manual of Stealth
Comestibles
 f - 72 rations


   Skills:
 + Level 20.6(25.6) Fighting
 + Level 21.6(26.6) Axes
 + Level 2.2(7.2) Bows
 + Level 12.0(17.0) Armour
 + Level 13.1(18.1) Dodging
 + Level 6.0(11.0) Stealth
 + Level 20.3(25.3) Shields
 + Level 8.9 Invocations
 + Level 0.5 Evocations


You had 23 spell levels left.
You didn't know any spells.
Your spell library contained the following spells:

 Spells                   Type           Power        Failure   Level  Hunger
 Animate Skeleton         Necr           N/A          43%         1    ##.....
 Apportation              Tloc           #.....       43%         1    ##.....
 Confusing Touch          Hex            #.....       43%         1    ##.....
 Corona                   Hex            #......      43%         1    ##.....
 Flame Tongue             Conj/Fire      #....        43%         1    ##.....
 Freeze                   Ice            #...         43%         1    ##.....
 Infusion                 Chrm           #...         43%         1    ##.....
 Magic Dart               Conj           #...         43%         1    ##.....
 Sandblast                Erth           #.....       43%         1    ##.....
 Summon Butterflies       Summ           #.......     43%         1    ##.....
 Summon Small Mammal      Summ           #...         43%         1    ##.....
 Blink                    Tloc           N/A          58%         2    ###....
 Call Imp                 Summ           #.......     58%         2    ###....
 Passwall                 Tmut/Erth      #.......     58%         2    ###....
 Shroud of Golubria       Chrm/Tloc      #.........   58%         2    ###....
 Slow                     Hex            #.......     58%         2    ###....
 Song of Slaying          Chrm           #.......     58%         2    ###....
 Sublimation of Blood     Necr           #.........   58%         2    ###....
 Throw Flame              Conj/Fire      #.....       58%         2    ###....
 Throw Frost              Conj/Ice       #.....       58%         2    ###....
 Call Canine Familiar     Summ           #.......     82%         3    ####...
 Conjure Flame            Conj/Fire      #.......     82%         3    ####...
 Gell's Gravitas          Tloc           #.........   82%         3    ####...
 Ignite Poison            Fire/Tmut/Pois #.......     82%         3    ####...
 Inner Flame              Hex/Fire       #.......     82%         3    ####...
 Mephitic Cloud           Conj/Pois/Air  #.......     82%         3    ####...
 Ozocubu's Armour         Chrm/Ice       #.......     82%         3    ####...
 Portal Projectile        Hex/Tloc       #.....       82%         3    ####...
 Regeneration             Chrm/Necr      #.........   82%         3    ####...
 Spectral Weapon          Hex/Chrm       #.......     82%         3    ####...
 Static Discharge         Conj/Air       #.......     82%         3    ####...
 Stone Arrow              Conj/Erth      #.....       82%         3    ####...
 Cause Fear               Hex            #.........   99%         4    #####..
 Force Lance              Conj/Tloc      #.......     99%         4    #####..
 Leda's Liquefaction      Hex/Erth       #.........   99%         4    #####..
 Petrify                  Tmut/Erth      #.......     99%         4    #####..
 Sticky Flame             Conj/Fire      #.......     99%         4    #####..
 Summon Ice Beast         Ice/Summ       #.......     99%         4    #####..
 Summon Lightning Spire   Summ/Air       #.......     99%         4    #####..
 Throw Icicle             Conj/Ice       #.......     99%         4    #####..
 Alistair's Intoxication  Tmut/Pois      #.......     100%        5    ######.
 Bolt of Magma            Conj/Fire/Erth #.........   100%        5    ######.
 Fireball                 Conj/Fire      #.........   100%        5    ######.
 Irradiate                Conj/Tmut      #.........   100%        5    ######.
 Lee's Rapid Deconstruct  Erth           #.........   100%        5    ######.
 Lightning Bolt           Conj/Air       #.........   100%        5    ######.
 Silence                  Hex/Air        #.........   100%        5    ######.
 Summon Mana Viper        Hex/Summ       #.......     100%        5    ######.
 Yara's Violent Unravell  Hex/Tmut       #.........   100%        5    ######.
 Conjure Ball Lightning   Conj/Air       #.........   100%        6    #######
 Deflect Missiles         Chrm/Air       #.........   100%        6    #######
 Dispersal                Tloc           #.........   100%        6    #######
 Hydra Form               Tmut           #.........   100%        6    #######
 Poison Arrow             Conj/Pois      #.........   100%        6    #######
 Simulacrum               Ice/Necr       #.........   100%        6    #######
 Statue Form              Tmut/Erth      #........    100%        6    #######
 Dragon Form              Tmut           #.........   100%        7    #######
 Malign Gateway           Summ/Tloc      #.........   100%        7    #######
 Ring of Flames           Chrm/Fire      #.........   100%        7    #######
 Summon Hydra             Summ           #.........   100%        7    #######
 Chain Lightning          Conj/Air       #.........   100%        8    #######
 Controlled Blink         Tloc           N/A          100%        8    #######
 Disjunction              Tloc           #.........   100%        8    #######
 Ignition                 Fire           #.........   100%        8    #######
 Lehudib's Crystal Spear  Conj/Erth      #.........   100%        8    #######
 Fire Storm               Conj/Fire      #.........   100%        9    #######
 Glaciate                 Conj/Ice       #.........   100%        9    #######
 Shatter                  Erth           #.........   100%        9    #######
 Tornado                  Air            #.........   100%        9    #######


Dungeon Overview and Level Annotations

Branches:
Dungeon (15/15)            Temple (1/1) D:5            Lair (6/6) D:9
  Swamp (4/4) Lair:3        Snake (4/4) Lair:4        Slime (5/5) Lair:5
    Orc (2/2) D:9             Elf (3/3) Orc:2        Vaults (0/5) D:13
 Depths (5/5) D:15            Zot (0/5) Depths:5

Altars:
Ashenzari
Cheibriados
Dithmenos
Elyvilon
Fedhas
Gozag
Hepliaklqana
Kikubaaqudgha
Makhleb
Nemelex Xobeh
Okawaru
Qazlal
Ru
Sif Muna
Trog
Uskayaw
Vehumet
Wu Jian
Xom
Yredelemnul
Zin
The Shining One
Jiyva
Lugonu

Shops:
D:5 %   Orc:2 !(*[(   Elf:2 }   Depths:4 [![   Depths:5 *

Portals:
Hell: Depths:1 Depths:2 Depths:3 Depths:4 Depths:5
Abyss: Depths:3 Depths:4
Pandemonium: Depths:2 Depths:3
Ziggurat: Depths:3

Annotations:
Slime:5 Royal Jelly


Innate Abilities, Weirdness & Mutations

You have a pair of large horns on your head.
You are mostly covered in iridescent scales. (AC +4)
You resist negative energy. (rN+)
You regenerate health from kills.
You are somewhat able to resist unholy torments (1 in 2 success).
When hurt, damage is shared between your health and your magic reserves.
You regenerate magic rapidly.
When low on magic, you restore magic in place of health.
Scrolls take you a little longer to read.
Your flesh is heat resistant. (rF+)
You are occasionally teleported next to monsters.
You are weak. (Str -2)
Potions are less effective at restoring your health.
Your spells are a little easier to cast, but a little less powerful.


Message History

* * * LOW HITPOINT WARNING * * *
The acid blob spits acid at you. The splash of acid misses you.
You are very lightly contaminated with residual magic.
You hit the Royal Jelly. You burn the Royal Jelly.
Your hands burn!
* * * LOW HITPOINT WARNING * * *
You headbutt the Royal Jelly.
The Royal Jelly is almost dead.
You slash the acid blob! You burn the acid blob.
Your hands burn!
* * * LOW HITPOINT WARNING * * *
The Royal Jelly shudders.
The Royal Jelly spits out another jelly.
The acid blob spits acid at you. The splash of acid hits you! You resist.
* * * LOW HITPOINT WARNING * * *
You are splashed with acid.
You resist.
* * * LOW HITPOINT WARNING * * *
Your system partially rejects the healing.
You feel much better. The acid blob hits you!!
You die...

.................................
.................................
#................................
#................................
##...............................
#...............................
..............JJJ...............
..............JJJJ......
..............JJ@.......
<.......................
..............##....#.##
..............#####.# #
.............## .# .....# # ...#


You could see the Royal Jelly, 5 acid blobs, an azure jelly and 2 death oozes.

Vanquished Creatures
  An ancient lich (Depths:3)
  A juggernaut (Depths:5)
  Margery (Depths:3)
  A caustic shrike (Depths:2)
  Vashnia (Snake:2)
  Nikola (Elf:2)
  4 golden dragons
  4 liches
  2 tentacled monstrosities
  2 deep elf blademasters (Elf:3)
  3 titans (Depths:4)
  2 quicksilver dragons (Depths:3)
  2 deep elf master archers (Elf:3)
  9 tentacled starspawn
  16 acid blobs
  An Executioner (Abyss:3)
  Kirke (Lair:6)
  4 thorn hunters
  Gastronok (Orc:1)
  4 tengu reavers
  Agnes (Elf:1)
  Roxanne (Elf:2)
  7 azure jellies
  A draconian monk (Abyss:3)
  A storm dragon (Depths:5)
  4 shadow dragons
  10 fire giants
  7 nagarajas
  5 frost giants
  6 deep elf sorcerers
  An orc warlord (Depths:3)
  A draconian stormcaller (Depths:5)
  A balrug (Depths:5)
  A spriggan defender (Depths:3)
  A deep elf elementalist (Elf:3)
  13 stone giants
  A draconian annihilator (Depths:5)
  5 deep elf demonologists (Elf:3)
  3 vampire knights (Depths:4)
  A red draconian (Depths:5)
  9 deep elf annihilators
  A purple draconian (Depths:5)
  The ghost of Uruugh the Grappler, a journeyman TrMo of Makhleb (Lair:2)
  The ghost of Jeis the Spear-Bearer, a journeyman CeWr of Nemelex Xobeh (Lair:5)
  A yellow draconian (Depths:5)
  A minotaur (Gauntlet)
  A spark wasp (Depths:4)
  Azrael (Elf:2)
  Snorg (D:14)
  A white draconian (Depths:5)
  11 ettins
  5 deep elf death magi
  10 death oozes
  9 yaktaur captains
  9 fire dragons
  14 great orbs of eyes
  2 deep elf high priests (Elf:3)
  5 ice dragons
  4 rakshasas
  A quicksilver dragon skeleton (Abyss:3)
  19 hydras
  9 naga warriors
  Erolcha (D:9)
  6 shambling mangroves
  A death knight (D:15)
  A spriggan air mage (Depths:5)
  A two-headed ogre (shapeshifter) (Depths:4)
  10 centaur warriors
  26 dancing weapons
  15 anacondas
  14 deep troll shamans
  22 alligators
  21 two-headed ogres
  A vampire mage (Abyss:2)
  7 ogre magi
  9 death yaks
  13 deep troll earth magi
  A hell hog (Gauntlet)
  7 tengu warriors
  2 spriggans (Depths:5)
  5 shock serpents
  Urug (Lair:3)
  8 orc high priests
  23 naga sharpshooters
  10 spriggan berserkers
  9 thrashing horrors
  21 deep elf knights
  Nergalle (Orc:1)
  6 salamander mystics
  A skeletal warrior (D:15)
  5 wretched stars (Abyss:3)
  5 hell knights (Depths:3)
  3 spatial maelstroms
  4 unseen horrors
  8 sea snakes (Snake:3)
  2 sixfirhies
  10 swamp dragons
  2 shadow demons (Depths:1)
  2 flayed ghosts (Abyss:3)
  11 naga ritualists
  35 deep trolls
  12 glowing orange brains
  17 deep elf archers
  16 iron trolls
  19 orc knights
  15 wizards
  Pikel (D:5)
  An obsidian statue (D:11)
  A necromancer (Depths:3)
  A phantasmal warrior (D:15)
  An orange crystal statue (Abyss:3)
  4 lindwurms
  61 deep elf magi
  13 mana vipers
  A faun (shapeshifter) (Elf:3)
  3 cyclopes
  6 shining eyes
  A shining eye (shapeshifter) (Depths:4)
  24 ugly things
  2 orc sorcerers
  8 salamanders
  A manticore (D:12)
  3 worldbinders (Abyss:3)
  12 naga magi
  15 guardian serpents
  37 black mambas
  A rust devil (Abyss:3)
  9 elephants
  A black mamba (shapeshifter) (Depths:2)
  A torpor snail (Lair:2)
  An ice statue (IceCv)
  2 gargoyles
  2 apocalypse crabs (Abyss:3)
  2 smoke demons
  4 centaur skeletons
  2 molten gargoyles (Lair:6)
  3 eyes of devastation
  A hellion (Abyss:2)
  13 spiny frogs
  2 efreet
  11 kobold demonologists
  9 rime drakes
  7 ancient zymes (Abyss:3)
  A freezing wraith (Abyss:3)
  A tormentor (Abyss:3)
  13 komodo dragons
  7 tengu conjurers
  2 hellwings (Abyss:2)
  24 yaktaurs
  16 polar bears
  A merfolk (shapeshifter) (Depths:5)
  A queen bee (D:10)
  A silent spectre (Abyss:3)
  3 meliai (D:14)
  7 trolls
  A polar bear (shapeshifter) (Depths:2)
  A meliai (shapeshifter) (Depths:2)
  11 hippogriffs
  A hornet (shapeshifter) (Abyss:2)
  12 blink frogs
  9 tyrant leeches
  12 hornets
  8 bog bodies
  30 raiju
  A meliai zombie (D:12)
  104 slime creatures
  2 air elementals
  An ettin skeleton (Abyss:3)
  2 shadows
  A vampire (Abyss:3)
  6 wraiths
  10 basilisks
  17 water elementals
  16 large abominations
  64 yaks
  6 ynoxinuls
  4 fire bats (Gauntlet)
  3 wyverns
  7 chaos spawn
  7 fire elementals
  2 neqoxecs
  A golden eye (Abyss:3)
  5 hogs (Lair:6)
  24 vampire mosquitoes
  4 hungry ghosts
  2 steam dragons
  15 swamp worms
  3 spatial vortices
  49 nagas
  18 insubstantial wisps
  3 wargs (Orc:1)
  Menkaure (D:4)
  12 small abominations
  2 acid dragons
  3 floating eyes
  Duvessa (D:5)
  18 swamp drakes
  14 water moccasins
  11 hell hounds
  14 porcupines
  4 slaves (D:5)
  4 black bears
  6 eyes of draining
  52 orc warriors
  6 ice beasts
  4 sky beasts
  2 phantoms
  18 ogres
  An eye of draining (shapeshifter) (Depths:4)
  74 wolves
  2 black mamba simulacra (Lair:5)
  4 boggarts
  19 centaurs
  15 crocodiles
  12 big kobolds
  21 bullfrogs
  9 earth elementals
  5 water moccasin zombies (Ossuary)
  A wyvern skeleton (D:6)
  Dowan (D:5)
  4 scorpions
  23 wights
  22 killer bees
  A dream sheep simulacrum (Lair:5)
  A rime drake simulacrum (Lair:5)
  A howler monkey (D:6)
  2 komodo dragon simulacra (Lair:5)
  5 lava snakes (Lair:6)
  20 starcursed masses
  14 crimson imps
  3 centaur zombies
  A quasit (Abyss:3)
  6 hounds
  34 orc priests
  10 jellies
  A gnoll shaman (D:8)
  3 bullfrog skeletons
  25 orc wizards
  5 iron imps
  6 iguanas
  9 worker ants
  9 hell rats
  3 big kobold zombies (Ossuary)
  4 hound skeletons
  2 mummies (Ossuary)
  3 worker ant zombies
  3 gnolls (D:8)
  A howler monkey skeleton (D:6)
  10 adders
  7 river rats (Lair:1)
  4 shadow imps
  3 white imps
  An ufetubus (Abyss:3)
  7 adder zombies (Ossuary)
  5 adder skeletons
  8 worms
  3 dart slugs (D:2)
  7 leopard geckos
  132 orcs
  8 bats
  2 bat zombies (D:2)
  8 giant cockroaches
  2 gnoll zombies (Ossuary)
  9 goblins
  4 hobgoblins
  10 jackals
  45 kobolds
  10 quokkas
  A ball python (D:3)
  A ball python skeleton (D:2)
  5 frilled lizards
  2 hobgoblin zombies (Ossuary)
  A jackal skeleton (D:9)
  11 kobold zombies (Ossuary)
  A leopard gecko zombie (D:2)
  An orc zombie (Ossuary)
  A quokka skeleton (D:5)
  9 rats
  9 briar patches
  8 fungi
  A lurking horror (Abyss:3)
  13 starspawn tentacles
2369 creatures vanquished.

Vanquished Creatures (others)
  A fire giant (Depths:4)
  A stone giant (Depths:4)
  2 yaktaur captains
  2 naga sharpshooters (Snake:2)
  A large abomination (Abyss:3)
  A black mamba (Snake:4)
  2 humans (Lair:6)
  A naga (Snake:1)
  An orc warrior (Elf:1)
  A centaur (Depths:3)
  An orc (Elf:3)
  4 briar patches (Swamp:2)
  11 fungi
  A lurking horror (Abyss:3)
  25 plants
  25 starspawn tentacles
80 creatures vanquished.

Grand Total: 2449 creatures vanquished

Notes
Turn   | Place    | Note
-------+----------+-------------------------------------------
     0 | D:1      | galech the Demonspawn Fighter began the quest for the Orb.
     0 | D:1      | Reached XP level 1. HP: 18/18 MP: 1/1
   198 | D:1      | Gained mutation: When hurt, damage is shared between your
                  | health and your magic reserves. [demonic ancestry]
   198 | D:1      | Reached XP level 2. HP: 24/24 MP: 2/2
   346 | D:1      | Reached skill level 2 in Axes
   780 | D:2      | Reached XP level 3. HP: 16/29 MP: 1/3
  1112 | D:2      | Gained mutation: You regenerate magic rapidly. [demonic
                  | ancestry]
  1112 | D:2      | Reached XP level 4. HP: 32/35 MP: 4/4
  1218 | D:2      | Reached skill level 3 in Axes
  1965 | D:3      | Reached XP level 5. HP: 41/41 MP: 5/5
  2215 | D:3      | Reached skill level 4 in Axes
  2547 | D:4      | Gained mutation: You have a pair of small horns on your
                  | head. [demonic ancestry]
  2547 | D:4      | Reached XP level 6. HP: 42/48 MP: 6/6
  2615 | D:4      | Noticed Menkaure
  2627 | D:4      | Killed Menkaure
  3192 | D:5      | Entered Level 5 of the Dungeon
  3207 | D:5      | Reached XP level 7. HP: 53/53 MP: 7/7
  3306 | D:5      | Reached skill level 5 in Axes
  3417 | D:5      | Reached skill level 1 in Dodging
  3440 | D:5      | Found Itwugaoc's Food Boutique.
  3464 | D:5      | Reached skill level 6 in Axes
  3476 | D:5      | Noticed Pikel
  3727 | D:5      | Gained mutation: You regenerate a little health from kills.
                  | [demonic ancestry]
  3727 | D:5      | Reached XP level 8. HP: 56/61 MP: 8/8
  3799 | D:5      | Noticed Dowan
  3800 | D:5      | Noticed Duvessa
  3822 | D:5      | Killed Dowan
  3827 | D:5      | Killed Duvessa
  3866 | D:5      | Found a staircase to the Ecumenical Temple.
  3945 | Temple   | Entered the Ecumenical Temple
  3992 | Temple   | Became a worshipper of Warmaster Okawaru
  4259 | D:5      | Paralysed by Pikel for 2 turns
  4287 | D:5      | Killed Pikel
  4287 | D:5      | Reached skill level 5 in Fighting
  4287 | D:5      | Reached skill level 7 in Axes
  4287 | D:5      | Reached skill level 5 in Armour
  4449 | D:6      | Reached * piety under Okawaru
  4474 | D:6      | Found a white marble altar of Elyvilon.
  4523 | D:6      | Reached XP level 9. HP: 57/68 MP: 7/9
  4534 | D:6      | Reached skill level 5 in Shields
  4665 | D:6      | Found a bloodstained altar of Trog.
  4724 | D:6      | Found a shadowy altar of Dithmenos.
  4845 | D:6      | Reached skill level 8 in Axes
  5080 | D:6      | Reached ** piety under Okawaru
  5215 | D:7      | Found a sand-covered staircase.
  5262 | Ossuary  | Entered an ossuary
  5600 | D:4      | Got a garnet-encrusted ring mail
  5611 | D:4      | Identified the +3 ring mail "Kecoo" {Str+4} (You found it
                  | on level 4 of the Dungeon)
  5719 | D:7      | Found a blossoming altar of Fedhas.
  5824 | D:7      | Found a sparkling altar of Nemelex Xobeh.
  5824 | D:7      | Found a burning altar of Makhleb.
  5837 | D:7      | Found a stormy altar of Qazlal.
  5838 | D:7      | Found a sacrificial altar of Ru.
  5838 | D:7      | Found a blossoming altar of Fedhas.
  5838 | D:7      | Found a hide-covered altar of Uskayaw.
  5838 | D:7      | Found an ancient bone altar of Kikubaaqudgha.
  6266 | D:8      | Reached skill level 9 in Axes
  6550 | D:8      | Noticed a two-headed ogre
  6560 | D:8      | Killed a two-headed ogre
  6560 | D:8      | Reached *** piety under Okawaru
  6560 | D:8      | Reached XP level 10. HP: 59/77 MP: 6/10
  6570 | D:8      | Noticed a two-headed ogre
  6582 | D:8      | Killed a two-headed ogre
  6721 | D:8      | Reached skill level 10 in Axes
  6800 | D:8      | Reached **** piety under Okawaru
  7341 | D:9      | Found a staircase to the Orcish Mines.
  7427 | D:9      | Found a staircase to the Lair.
  7526 | D:9      | Noticed Erolcha
  7537 | D:9      | Killed Erolcha
  8301 | Lair:1   | Entered Level 1 of the Lair of Beasts
  8312 | Lair:1   | Gained mutation: You are partially covered in iridescent
                  | scales. (AC +2) [demonic ancestry]
  8312 | Lair:1   | Reached XP level 11. HP: 84/84 MP: 11/11
  8462 | Lair:1   | Reached skill level 11 in Axes
  8529 | Lair:1   | Reached ***** piety under Okawaru
  8557 | Lair:1   | Reached skill level 1 in Invocations
  8677 | Lair:1   | Received a gift from Okawaru
  9343 | Lair:2   | Got a pair of faintly glowing boots
  9354 | Lair:2   | Identified the +0 pair of boots of Responsibility {+Blink
                  | rElec Slay+4 Stlth-} (You found it on level 2 of the Lair
                  | of Beasts)
  9371 | Lair:2   | Found a runed translucent gate.
  9371 | Lair:2   | Found a runed translucent gate.
  9371 | Lair:2   | Found a runed translucent gate.
  9372 | Lair:2   | Noticed a death ooze
  9379 | Lair:2   | Noticed Uruugh's ghost (journeyman TrMo)
  9505 | Lair:2   | Reached skill level 12 in Axes
  9568 | Lair:2   | Reached XP level 12. HP: 89/92 MP: 13/13
 10088 | Lair:2   | Found a viscous altar of Jiyva.
 10356 | Lair:3   | Noticed Urug
 10363 | Lair:3   | Killed Urug
 10363 | Lair:3   | Received a gift from Okawaru
 10454 | Lair:3   | Reached skill level 1 in Stealth
 10543 | Lair:3   | Found a staircase to the Swamp.
 11042 | Lair:4   | Reached skill level 13 in Axes
 11260 | Lair:4   | Noticed a six-headed hydra
 11406 | Lair:4   | Reached skill level 5 in Dodging
 11516 | Lair:4   | Killed a two-headed hydra
 11516 | Lair:4   | Received a gift from Okawaru
 11534 | Lair:4   | Found a staircase to the Snake Pit.
 12124 | Lair:5   | Found a runed translucent gate.
 12124 | Lair:5   | Found a runed translucent gate.
 12124 | Lair:5   | Found a runed translucent gate.
 12268 | Lair:5   | Noticed a death yak
 12268 | Lair:5   | Noticed a death yak
 12268 | Lair:5   | Noticed a death yak
 12276 | Lair:5   | Killed a death yak
 12276 | Lair:5   | Gained mutation: You have a pair of horns on your head.
                  | [demonic ancestry]
 12276 | Lair:5   | Reached XP level 13. HP: 85/101 MP: 10/14
 12310 | Lair:5   | Found a staircase to the Slime Pits.
 12534 | Lair:5   | Reached ****** piety under Okawaru
 12666 | Lair:5   | Noticed Jeis's ghost (journeyman CeWr)
 12869 | Lair:6   | Entered Level 6 of the Lair of Beasts
 12929 | Lair:6   | Noticed Kirke
 12935 | Lair:6   | Received a gift from Okawaru
 12954 | Lair:6   | Killed Kirke
 12975 | Lair:6   | Found a frozen archway.
 12994 | IceCv    | Entered an ice cave
 13034 | IceCv    | Reached skill level 10 in Fighting
 13165 | IceCv    | Reached skill level 14 in Axes
 13464 | IceCv    | Received a gift from Okawaru
 13534 | IceCv    | Reached skill level 10 in Shields
 13594 | IceCv    | Noticed a frost giant
 13675 | IceCv    | Killed a frost giant
 14077 | Lair:6   | Received a gift from Okawaru
 14103 | Lair:6   | Gained mutation: You regenerate health from kills. [demonic
                  | ancestry]
 14103 | Lair:6   | Reached XP level 14. HP: 34/111 MP: 2/16
 14903 | Lair:6   | Found a large runed translucent door.
 14925 | Lair:6   | Found a large runed translucent door.
 15800 | Orc:1    | Entered Level 1 of the Orcish Mines
 15800 | Orc:1    | Noticed Gastronok
 15807 | Orc:1    | Gained mutation: You are weak. (Str -2) [a neqoxec]
 15819 | Orc:1    | Killed Gastronok
 15819 | Orc:1    | Received a gift from Okawaru
 15819 | Orc:1    | Reached skill level 15 in Axes
 16012 | Orc:2    | Entered Level 2 of the Orcish Mines
 16016 | Orc:2    | Found a staircase to the Elven Halls.
 16155 | Orc:2    | Found Qylibawn's Antique Weapon Shop.
 16378 | Orc:2    | Received a gift from Okawaru
 16574 | Orc:2    | Got an ivory war axe {god gift}
 16576 | Orc:2    | Identified the +2 war axe "Jiuzex" {chop, rElec rF+ SInv}
                  | (Okawaru gifted it to you on level 2 of the Orcish Mines)
 16645 | Orc:2    | Found Tibriet's Antique Armour Emporium.
 16646 | Orc:2    | Found Rucaol's Weapon Shoppe.
 16668 | Orc:2    | Found Pozuts's Distillery.
 16669 | Orc:2    | Found Vemetial's General Store.
 16942 | Orc:1    | Noticed Nergalle
 16962 | Orc:1    | Killed Nergalle
 17242 | D:10     | Entered Level 10 of the Dungeon
 17382 | D:10     | Found the +8 longbow "Zephyr" {speed, Dex+3 SInv}
 17398 | D:10     | Reached XP level 15. HP: 98/119 MP: 11/17
 17409 | D:10     | Received a gift from Okawaru
 17425 | D:10     | Got a scorched demon trident {god gift}
 17426 | D:10     | Identified the +6 demon trident of Levity {flame, Str-2
                  | Int+3 Dex+10 Stlth+} (Okawaru gifted it to you on level 10
                  | of the Dungeon)
 18126 | D:11     | Reached skill level 1 in Bows
 18161 | D:11     | Found a radiant altar of Vehumet.
 18249 | D:11     | Found a portal to a secret trove of treasure.
 18673 | D:12     | Reached skill level 16 in Axes
 19459 | D:13     | Received a gift from Okawaru
 19873 | D:13     | Found a gate to the Vaults.
 20245 | D:14     | Found an opulent altar of Gozag.
 20332 | D:14     | Received a gift from Okawaru
 20710 | D:14     | Noticed Snorg
 20723 | D:14     | Killed Snorg
 20875 | D:15     | Entered Level 15 of the Dungeon
 20907 | D:15     | Found a gate leading to a gauntlet.
 20916 | Gauntlet | Entered a Gauntlet
 20916 | Gauntlet | Found a transporter.
 20916 | Gauntlet | Found a transporter.
 20920 | Gauntlet | Found a transporter.
 20944 | Gauntlet | Found a transporter.
 20952 | Gauntlet | Found a transporter.
 20954 | Gauntlet | Found a transporter.
 20954 | Gauntlet | Found a transporter.
 20958 | Gauntlet | Found a transporter.
 20992 | Gauntlet | Found a transporter.
 21001 | Gauntlet | Found a transporter.
 21010 | Gauntlet | Found a transporter.
 21056 | Gauntlet | Found a transporter.
 21072 | Gauntlet | Found a transporter.
 21156 | Gauntlet | Found a transporter.
 21171 | Gauntlet | Found a transporter.
 21189 | Gauntlet | Found a transporter.
 21290 | Gauntlet | Gained mutation: You have a pair of large horns on your
                  | head. [demonic ancestry]
 21290 | Gauntlet | Reached XP level 16. HP: 129/129 MP: 19/19
 21373 | Gauntlet | Got a blackened cloak
 21387 | Gauntlet | Identified the +4 cloak of Vavow {-Tele rN+++ Dex+6} (You
                  | found it in a Gauntlet)
 21493 | Gauntlet | Identified the ring of Lisheot {rF+ EV+4 SInv}
 21669 | D:15     | Found a staircase to the Depths.
 22234 | D:15     | Received a gift from Okawaru
 22246 | D:15     | Got a dazzling broad axe {god gift}
 22247 | D:15     | Identified the +0 broad axe of Destruction {venom, rElec
                  | rF+ MR- Int+8} (Okawaru gifted it to you on level 15 of the
                  | Dungeon)
 22726 | Elf:1    | Entered Level 1 of the Elven Halls
 22924 | Elf:1    | Identified Sif Muna's Tome of the Escort
 23176 | Elf:1    | Reached skill level 17 in Axes
 23580 | Elf:1    | Received a gift from Okawaru
 23627 | Elf:1    | Cast into level 2 of the Abyss (a deep elf sorcerer)
 23986 | Abyss:2  | Noticed a tentacled starspawn
 24010 | Abyss:2  | Killed a tentacled starspawn
 24010 | Abyss:2  | Gained mutation: You are mostly covered in iridescent
                  | scales. (AC +4) [demonic ancestry]
 24010 | Abyss:2  | Reached XP level 17. HP: 137/137 MP: 20/20
 24043 | Abyss:2  | Paralysed by accursed screaming for 1 turns
 24131 | Elf:1    | Escaped the Abyss
 24284 | Elf:1    | Found an ancient bone altar of Kikubaaqudgha.
 24365 | Elf:1    | Noticed Agnes
 24375 | Elf:1    | Killed Agnes
 24375 | Elf:1    | Reached skill level 5 in Invocations
 24699 | Elf:2    | Identified Roxanne's Papyrus of Changing
 24699 | Elf:2    | Noticed Roxanne
 24738 | Elf:2    | Killed Roxanne
 25056 | Elf:2    | Noticed Azrael
 25070 | Elf:2    | Killed Azrael
 25092 | Elf:2    | Found a runed translucent gate.
 25093 | Elf:2    | Found a runed translucent gate.
 25094 | Elf:2    | Found a runed translucent gate.
 25211 | Elf:2    | Received a gift from Okawaru
 25214 | Elf:2    | Got a warped chain mail {god gift}
 25225 | Elf:2    | Identified the +5 chain mail of Exclusion {Stlth+} (Okawaru
                  | gifted it to you on level 2 of the Elven Halls)
 25369 | Elf:2    | Found Menaery's Gadget Shoppe.
 25636 | Elf:2    | Noticed Nikola
 25650 | Elf:2    | Killed Nikola
 26195 | Swamp:1  | Entered Level 1 of the Swamp
 27044 | Swamp:2  | Reached XP level 18. HP: 133/147 MP: 20/22
 27054 | Swamp:2  | Found a transporter.
 27071 | Swamp:2  | Found a transporter.
 27266 | Swamp:2  | Received a gift from Okawaru
 27933 | Swamp:3  | Reached skill level 10 in Dodging
 28355 | Swamp:4  | Entered Level 4 of the Swamp
 28378 | Swamp:4  | Reached skill level 15 in Fighting
 28404 | Swamp:4  | Reached skill level 18 in Axes
 28545 | Swamp:4  | Received a gift from Okawaru
 28605 | Swamp:4  | Reached skill level 15 in Shields
 28743 | Swamp:4  | Got a decaying rune of Zot
 29422 | Snake:1  | Entered Level 1 of the Snake Pit
 29503 | Snake:1  | Received a gift from Okawaru
 29523 | Snake:1  | Got a bloodstained plate armour {god gift}
 29534 | Snake:1  | Identified the +0 plate armour of Duck's Teeth {rF+}
                  | (Okawaru gifted it to you on level 1 of the Snake Pit)
 30172 | Snake:1  | Reached XP level 19. HP: 155/157 MP: 23/23
 30468 | Snake:2  | Reached skill level 10 in Armour
 30532 | Snake:2  | Noticed Vashnia
 30562 | Snake:2  | Killed Vashnia
 30918 | Snake:2  | Identified the Catalogue of the Bewitching Frostbite
 31192 | D:11     | You paid a toll of 20 scrolls of identify to enter a
                  | treasure trove
 31193 | Trove    | Entered a treasure trove
 31225 | Trove    | Got a sparkling pewter ring
 31269 | Trove    | Got a pair of distressingly furry gloves
 31280 | Trove    | Identified the -6 pair of gloves of Vanity {*Corrode Regen+
                  | Str+8 Int+5} (You found it in a treasure trove)
 31294 | Trove    | Got a smelly chain mail
 31305 | Trove    | Identified the +5 chain mail of Myd Xois {rF+} (You found
                  | it in a treasure trove)
 31312 | Trove    | Got a transparent wooden ring
 31314 | Trove    | Got a flickering silver amulet
 31316 | Trove    | Identified the ring "Qiadgh" {Ice Str+7 Stlth-} (You found
                  | it in a treasure trove)
 31318 | Trove    | Identified the ring "Gamomoum" {*Slow rPois MP+9 Int+2
                  | Dex+5} (You found it in a treasure trove)
 31323 | Trove    | Identified the amulet "Oluxoer" {Acrobat Fragile rN+ Dex+2}
                  | (You found it in a treasure trove)
 31936 | Snake:3  | Received a gift from Okawaru
 32069 | Snake:3  | Found a gateway to a bazaar.
 33003 | Snake:4  | Entered Level 4 of the Snake Pit
 33794 | Snake:4  | Received a gift from Okawaru
 34139 | Snake:4  | Received a gift from Okawaru
 34181 | Snake:4  | Gained mutation: You resist negative energy. (rN+) [demonic
                  | ancestry]
 34181 | Snake:4  | Reached XP level 20. HP: 165/166 MP: 22/24
 34220 | Snake:4  | Got a pair of brightly glowing gloves {god gift}
 34226 | Snake:4  | Identified the +4 pair of gloves of Death Resistance {rN+}
                  | (Okawaru gifted it to you on level 4 of the Snake Pit)
 34277 | Snake:4  | Got a serpentine rune of Zot
 35095 | Elf:3    | Entered Level 3 of the Elven Halls
 35365 | Elf:3    | Found a radiant altar of Vehumet.
 35995 | Elf:3    | Cast into level 3 of the Abyss (a deep elf sorcerer)
 36216 | Abyss:3  | Reached skill level 19 in Axes
 36377 | Elf:3    | Escaped the Abyss
 36578 | Elf:3    | Cast into level 3 of the Abyss (a ghostly deep elf
                  | sorcerer)
 36618 | Abyss:3  | Found a sacrificial altar of Ru.
 36625 | Abyss:3  | Paralysed by you for 4 turns
 36698 | Abyss:3  | Received a gift from Okawaru
 36975 | Abyss:3  | Gained mutation: Your flesh is heat resistant. (rF+) [a
                  | neqoxec]
 37195 | Abyss:3  | Received a gift from Okawaru
 37238 | Abyss:3  | Paralysed by accursed screaming for 1 turns
 37403 | Abyss:3  | Received a gift from Okawaru
 37418 | Abyss:3  | Gained mutation: When low on magic, you restore magic in
                  | place of health. [demonic ancestry]
 37418 | Abyss:3  | Reached XP level 21. HP: 90/175 MP: 18/26
 37500 | Elf:3    | Escaped the Abyss
 37577 | Elf:3    | Identified the cursed +1 long sword "Qontuxi" {slice, MR++}
 37775 | Elf:3    | Identified the Reference Book on Ashen Talismans
 37839 | Elf:3    | Received a gift from Okawaru
 37855 | Elf:3    | Identified the +6 scale mail "Hyip" {+Fly rN+ Str+8 Int-5}
 37855 | Elf:3    | Identified the amulet "Voutupp" {Reflect -Tele rC+ rN+
                  | SH+2}
 37866 | Elf:3    | Identified the +12 flail "Minaf" {antimagic, rF- MR++
                  | Str+2}
 37884 | Elf:3    | Identified the +7 quarterstaff "Erchi" {freeze, Int+3}
 37891 | Elf:3    | Identified the +4 falchion "Ytuokoq" {pain, Int+3}
 37892 | Elf:3    | Identified the +2 robe of Kunaics {rF- Str+7}
 37915 | Elf:3    | Identified Kez Xiuf's Papyrus of Icy Augmentations
 37970 | Elf:3    | Got a pair of brightly glowing boots {god gift}
 37981 | Elf:3    | Identified the -2 pair of boots of Vampiric Thralls {rPois
                  | rC- MR+} (Okawaru gifted it to you on level 3 of the Elven
                  | Halls)
 38360 | Depths:1 | Entered Level 1 of the Depths
 38773 | Depths:1 | Got a dazzling leather armour
 38784 | Depths:1 | Identified the cursed +1 leather armour "Feerphuoj" {rN+
                  | MR+ rCorr Stlth-} (You found it on level 1 of the Depths)
 39331 | Depths:1 | Reached skill level 20 in Axes
 39368 | Depths:1 | Found a gateway to Hell.
 39404 | Depths:1 | Got a crude ring mail
 39415 | Depths:1 | Identified the +0 ring mail of Alyxzof {MR+ rCorr Dex+5
                  | Slay+2} (You found it on level 1 of the Depths)
 39471 | Depths:1 | Received a gift from Okawaru
 39536 | Depths:1 | Got a transparent hand axe
 39537 | Depths:1 | Identified the cursed +0 hand axe "Mohafeph" {speed, MR+}
                  | (You found it on level 1 of the Depths)
 40141 | Depths:2 | Reached XP level 22. HP: 185/185 MP: 27/27
 40152 | Depths:2 | Identified a scroll of acquirement
 40191 | Depths:2 | Found a one-way gate leading to the halls of Pandemonium.
 40412 | Depths:2 | Noticed a caustic shrike
 40412 | Depths:2 | Noticed a golden dragon
 40426 | Depths:2 | Paralysed by a great orb of eyes for 6 turns
 40438 | Depths:2 | Killed a caustic shrike
 40443 | Depths:2 | Killed a golden dragon
 41123 | Lair:5   | Killed Jeis's ghost
 41271 | Lair:2   | Received a gift from Okawaru
 41273 | Lair:2   | Killed Uruugh's ghost
 41582 | Depths:3 | Noticed Margery
 41595 | Depths:3 | Killed Margery
 41715 | Depths:3 | Found a corrupted altar of Lugonu.
 41720 | Depths:3 | Found a one-way gate to the infinite horrors of the Abyss.
 42102 | Depths:3 | Found a runed translucent door.
 42102 | Depths:3 | Noticed an ancient lich
 42129 | Depths:3 | Killed an ancient lich
 42194 | Depths:3 | Found a runed translucent door.
 42331 | Depths:3 | Found a gateway to a ziggurat.
 42339 | Depths:3 | Received a gift from Okawaru
 42341 | Depths:3 | Paralysed by a floating eye for 4 turns
 42357 | Depths:3 | Paralysed by a floating eye for 4 turns
 42364 | Depths:3 | Paralysed by a floating eye for 4 turns
 42371 | Depths:3 | Paralysed by a floating eye for 3 turns
 42380 | Depths:3 | Paralysed by a floating eye for 4 turns
 42388 | Depths:3 | Paralysed by a floating eye for 3 turns
 42395 | Depths:3 | Paralysed by a floating eye for 4 turns
 42403 | Depths:3 | Gained mutation: Your spells are a little easier to cast,
                  | but a little less powerful. [a shining eye]
 42404 | Depths:3 | Gained mutation: Potions are less effective at restoring
                  | your health. [a shining eye]
 42513 | Depths:3 | Received a gift from Okawaru
 43037 | Bazaar   | Entered a bazaar
 43045 | Bazaar   | Found Fesifream's Book Emporium.
 43045 | Bazaar   | Found Tuciolak's Jewellery Shoppe.
 43077 | Snake:3  | Upgraded the game from 0.24-a0-123-ga2403f3 to
                  | 0.24-a0-127-gfc1eed5
 43388 | Depths:4 | Noticed a golden dragon
 43407 | Depths:4 | Killed a golden dragon
 43409 | Depths:4 | Reached XP level 23. HP: 109/194 MP: 27/29
 43469 | Depths:4 | Got a sparkling amber ring
 43596 | Depths:4 | Received a gift from Okawaru
 43610 | Depths:4 | Identified the ring of Zuekur {rF+ rC+ MR+} (You found it
                  | on level 4 of the Depths)
 43996 | Depths:4 | Reached skill level 5 in Stealth
 43997 | Depths:4 | Found Efamea's Antique Armour Shoppe.
 43997 | Depths:4 | Found Onaukhluo's Distillery.
 44150 | Depths:4 | Found Cejoick's Antique Armour Emporium.
 44408 | Depths:5 | Entered Level 5 of the Depths
 44440 | Depths:5 | Found Niwiagro's Assorted Antiques.
 44633 | Depths:5 | Reached skill level 21 in Axes
 44735 | Depths:5 | Found a gate to the Realm of Zot.
 45052 | Depths:4 | Received a gift from Okawaru
 45121 | Depths:4 | Received a gift from Okawaru
 45231 | Depths:5 | Noticed a juggernaut
 45247 | Depths:5 | Killed a juggernaut
 46218 | Slime:1  | Entered Level 1 of the Pits of Slime
 46287 | Slime:2  | Gained mutation: You are somewhat able to resist unholy
                  | torments (1 in 2 success). [demonic ancestry]
 46287 | Slime:2  | Reached XP level 24. HP: 197/204 MP: 29/29
 46439 | Slime:5  | Entered Level 5 of the Pits of Slime
 46554 | Slime:5  | Paralysed by a floating eye for 3 turns
 46767 | Slime:5  | Noticed the Royal Jelly
 46796 | Slime:4  | Paralysed by a floating eye for 4 turns
 46817 | Slime:4  | Gained mutation: You are occasionally teleported next to
                  | monsters. [a shining eye]
 46857 | Slime:5  | Gained mutation: Scrolls take you a little longer to read.
                  | [a shining eye]
 46957 | Slime:4  | Received a gift from Okawaru
 47374 | Slime:5  | HP: 9/206 [acid[the Royal Jelly] (5)]
 47375 | Slime:5  | Demolished by an acid blob

Levels and vault maps discovered:
D:1:      nicolae_arrival_washed_ashore, layout_loops_ring, minmay_tetromino_i4
D:2:      minmay_thinvault, layout_basic, serial_undead, serial_undead_c,
          serial_undead_b, serial_undead_c, serial_undead_c
D:3:      layout_basic, first_ration
D:4:      layout_cave_pools, uniq_menkaure
D:5:      layout_rooms, minmay_temple_entry_fiery, serial_shops,
          nicolae_shop_trees, uniq_duvessa, uniq_pikel
D:6:      layout_basic, elyvilon_altar_5, grunt_dithmenos_smoke_and_mirrors,
          bloody_trog
D:7:      layout_loops_cross, minitemple, enter_ossuary_5, fedhas_altar_2
D:8:      layout_loops_corners
D:9:      layout_layer_cave, due_lair_maze_entry_diamond, orc_0_dummy,
          uniq_erolcha
D:10:     layout_small_grid, david_nohive_1, minmay_radiant
D:11:     layout_rooms, enter_trove_1, basic_altar, minivault_15
D:12:     layout_rooms, centaur_isle
D:13:     layout_loops_ring, erik_vaults_1, hangedman_decor_clover_reticule
D:14:     layout_basic, hangedman_decor_diamond_cutter,
          nicolae_gozag_seed_capital, uniq_snorg
D:15:     grunt_enter_depths_giant_problem, layout_irregular_city,
          gauntlet_entry_generic, dk_noncrumbling_2
Temple:   cyrus_circular_temple
Lair:1:   layout_roguey, kennysheep_rathole
Lair:2:   layout_chaotic_city, gammafunk_ghost_ooze, minmay_holes,
          grunt_forest_large_clearings
Lair:3:   layout_loops_ring, minmay_swamp_entry_wisps, grunt_megastairs_1,
          lemuel_fruit_fields, uniq_urug
Lair:4:   layout_loops_ring, guppyfry_snake_entry_garden, beast_lair_carwin_1,
          infiniplex_staircase_pool, grunt_megastairs_5, serial_bayou_shore_b
Lair:5:   layout_cave_pods, slime_dummy, gammafunk_ghost_icy
Lair:6:   cheibrodos_lair_end_hotspot, layout_gridlike, portal_ice_cave_rime,
          uniq_kirke
Swamp:1:  layout_basic_swamp, nicolae_swamp_treefoil
Swamp:2:  gammafunk_the_bubble [the_bubble_gammafunk_split], layout_basic_swamp,
          evilmike_swamp_ruin_house_1
Swamp:3:  layout_basic_swamp, nicolae_swamp_dense_foliage, swamp_pool5
Swamp:4:  swamp_alternative, layout_basic_swamp, swamp_pool1
Snake:1:  layout_layer_cave, grunt_ministairs_7
Snake:2:  layout_concentric_octagons, uniq_vashnia
Snake:3:  layout_chambers, serial_shops, bzr_entry_road, serial_bayou_lagoon_b
Snake:4:  grunt_snake_rune_serpentine_throne, layout_layer_cave,
          nicolae_snake_serpentine_hallways
Slime:1:  layout_caves
Slime:2:  layout_caves
Slime:3:  layout_caves
Slime:4:  layout_caves
Slime:5
Orc:1:    layout_caves, uniq_nergalle, uniq_gastronok
Orc:2:    st_orc_pillars, layout_diamond_mine, serial_shops, shop
Elf:1:    layout_geoelf_grid, serial_corexii_hall, corexii_hall_statues_u,
          corexii_hall_statues_i, basic_altar, minmay_elf_demonology,
          minmay_checkered_concentric_circles, uniq_agnes
Elf:2:    layout_geoelf_octagon, serial_shops, shop, uniq_azrael, uniq_roxanne,
          uniq_nikola
Elf:3:    elf_hall_gauntlet_wide, layout_rooms, basic_altar, grunt_megastairs_2
Depths:1: minmay_tri_stars, layout_cave_pools, hell_entry, roderic_lattice_a,
          nrook_kobold_shadow_demons
Depths:2: kennysheep_big_flooded_room, layout_cave_pools,
          chequers_serial_rivers_small_b, pf_dread_powers_of_hell,
          rand_demon_pan_entry_3, serial_glass, glass_columns_a,
          glass_columns_c, serial_sigils_hangedman_gut, minmay_staircase_bubble,
          serial_bayou_shore_b, serial_bayou_shore_b
Depths:3: cheibrodos_witchhunters_guild, layout_long_grid, enter_ziggurat_d,
          hangedman_coc_ice_floe, serial_sigils, serial_sigils_hangedman_stare,
          serial_sigils_hangedman_snap, serial_sigils_hangedman_clutch,
          serial_sigils_hangedman_writhe, serial_sigils_hangedman_shear,
          nrook_mini_vaults, abyss_entry_flame_altar, pan_entry,
          chequers_serial_rivers_micro_a, uniq_margery
Depths:4: minmay_nested_s, layout_basic, hell_entry,
          abyss_entry_small_statue_room, hangedman_abyss_or_decor_stabs,
          serial_shops, nicolae_shop_overgrown_old_shop, minmay_shoptagon,
          infiniplex_staircase_zigzag_1
Depths:5: grunt_zot_entry_tricorne, layout_basic, minmay_misc_feat_tower,
          serial_shops, nicolae_shop_overgrown_old_shop, hellmouth_1,
          serial_bayou_shore_b
Abyss:2
Abyss:3:  evilmike_abyss_exit_13, hangedman_abyss_mock_shop,
          serial_sigils_hangedman_quiver, evilmike_abyss_rune_ettins
Bazaar:   bazaar_mystics
Trove:    trove_garden
Ossuary:  ossuary_tomb_2
IceCv:    ice_cave_caverns_02
Gauntlet: gammafunk_gauntlet_branching [gammafunk_gauntlet_arena_mazey,
          gammafunk_gauntlet_arena_spirals, nicolae_gauntlet_swirl,
          nicolae_gauntlet_arena_blocks, gammafunk_gauntlet_arena_open,
          gammafunk_gauntlet_arena_arrow_garden, nicolae_gauntlet_arena_grate_2,
          nicolae_gauntlet_arena_x, gauntlet_exit_green]

Skill      XL: |  1  2  3  4  5  6  7  8  9 10 11 12 13 14 15 16 17 18 19 20 21 22 23 24 |
---------------+-------------------------------------------------------------------------+-----
Axes           | 2 3 4 6 7 9 10 12 13 14 15 16 17 18 19 20 21 | 21.6
Shields        | 3 4 6 7 8 9 10 11 12 13 14 15 16 17 18 19 20 | 20.3
Armour         | 3 4 5 6 7 8 9 10 11 12 | 12.0
Fighting       | 4 5 6 7 8 9 10 11 12 13 14 15 16 17 18 19 20 | 20.6
Dodging        | 1 2 4 5 6 7 9 10 11 12 13 | 13.1
Invocations    | 1 2 3 4 6 7 8 |  8.9
Stealth        | 1 2 3 4 5 6 |  6.0
Bows           | 2 |  2.2
Evocations     | |  0.5

Action                   |  1- 3 |  4- 6 |  7- 9 | 10-12 | 13-15 | 16-18 | 19-21 | 22-24 || total
-------------------------+-------+-------+-------+-------+-------+-------+-------+-------++-------
Melee: War axe           |   110 |   273 |   514 |   311 |   622 |  1660 |  1661 |  1192 ||  6343
       Headbutt          |       |     9 |   109 |   168 |   416 |   518 |   605 |   532 ||  2357
       Broad axe         |       |       |       |   358 |   459 |       |       |       ||   817
       Hand axe          |       |       |       |    11 |   259 |       |       |       ||   270
 Fire: Longbow           |       |       |       |       |    56 |       |       |       ||    56
Invok: Heroism           |       |       |     1 |    12 |    16 |    15 |    13 |    15 ||    72
       Finesse           |       |       |       |       |     3 |     5 |     4 |    11 ||    23
Evoke: Wand              |       |       |       |       |       |       |     3 |     1 ||     4
  Use: Scroll            |       |       |     6 |    13 |    11 |     5 |     6 |     5 ||    46
       Potion            |       |       |     1 |       |     5 |     5 |       |     5 ||    16
 Stab: Distracted        |       |       |       |       |     1 |     2 |     1 |     1 ||     5
       Sleeping          |       |       |       |       |       |     2 |     1 |     2 ||     5
  Eat: Chunk             |     1 |     7 |    12 |    18 |    28 |    25 |    21 |    15 ||   127
       Ration            |       |       |       |       |     2 |     1 |     4 |     3 ||    10
Armor: Scale mail        |    67 |    75 |       |       |       |       |    60 |   164 ||   366
       Chain mail        |       |   124 |   266 |       |       |       |   252 |       ||   642
       Ring mail         |       |       |    12 |   278 |   322 |   251 |    41 |    76 ||   980
Dodge: Dodged            |    19 |    64 |   122 |   393 |   610 |   937 |   826 |   693 ||  3664
Block: Shield            |    76 |   136 |   258 |   465 |   911 |  1088 |  1271 |   899 ||  5104
       Reflection        |       |       |       |       |       |       |       |    49 ||    49

Table legend:
 A = Non-vault XP
 B = Vault XP
 C = Vault XP percentage of total XP
 D = Non-vault monster count
 E = Vault monster count
 F = Vault count percentage of total count
                 A         B        C        D         E       F
            +---------+---------+-------+---------+---------+-------
      Total |  626765 |  420986 |  40.2 |    1627 |     701 |  30.1
            +---------+---------+-------+---------+---------+-------
        D:1 |      22 |       7 |  24.1 |      14 |       3 |  17.6
        D:2 |      94 |      50 |  34.7 |      30 |      19 |  38.8
        D:3 |     197 |       0 |   0.0 |      39 |       0 |   0.0
        D:4 |     163 |     157 |  49.1 |       9 |       1 |  10.0
        D:5 |     908 |     865 |  48.8 |      38 |       3 |   7.3
        D:6 |    1376 |       0 |   0.0 |      29 |       0 |   0.0
        D:7 |     453 |       0 |   0.0 |      11 |       0 |   0.0
        D:8 |    3651 |       0 |   0.0 |      38 |       0 |   0.0
        D:9 |     260 |    1997 |  88.5 |       5 |      11 |  68.8
       D:10 |    5401 |    2564 |  32.2 |      45 |      19 |  29.7
       D:11 |    5550 |     647 |  10.4 |      58 |       1 |   1.7
       D:12 |    4582 |    1680 |  26.8 |      32 |       6 |  15.8
       D:13 |   15291 |    1808 |  10.6 |      57 |       2 |   3.4
       D:14 |   14264 |    1180 |   7.6 |      56 |       1 |   1.8
       D:15 |   17047 |    1847 |   9.8 |      42 |       1 |   2.3
     Lair:1 |    5302 |    2729 |  34.0 |      30 |      31 |  50.8
     Lair:2 |    5693 |    3414 |  37.5 |      24 |      14 |  36.8
     Lair:3 |    3443 |    1463 |  29.8 |      17 |       5 |  22.7
     Lair:4 |    3876 |    3599 |  48.1 |      19 |      15 |  44.1
     Lair:5 |    5478 |    2765 |  33.5 |      22 |      10 |  31.2
     Lair:6 |   15210 |    9417 |  38.2 |      38 |      30 |  44.1
    Swamp:1 |    8464 |       0 |   0.0 |      34 |       0 |   0.0
    Swamp:2 |   14547 |    4795 |  24.8 |      32 |       9 |  22.0
    Swamp:3 |    6736 |     409 |   5.7 |      23 |       3 |  11.5
    Swamp:4 |   25671 |   19986 |  43.8 |      37 |      26 |  41.3
    Snake:1 |   14629 |    3910 |  21.1 |      28 |       6 |  17.6
    Snake:2 |   22920 |    8166 |  26.3 |      42 |       6 |  12.5
    Snake:3 |   23610 |       0 |   0.0 |      42 |       0 |   0.0
    Snake:4 |   12445 |   38071 |  75.4 |      20 |      63 |  75.9
    Slime:1 |   11334 |       0 |   0.0 |      15 |       0 |   0.0
    Slime:2 |    8998 |       0 |   0.0 |      13 |       0 |   0.0
    Slime:3 |    2604 |       0 |   0.0 |      10 |       0 |   0.0
    Slime:4 |   23554 |    7589 |  24.4 |      53 |       4 |   7.0
    Slime:5 |   13415 |    8441 |  38.6 |      12 |       6 |  33.3
      Orc:1 |    3563 |    2957 |  45.4 |      41 |       2 |   4.7
      Orc:2 |    2117 |   12616 |  85.6 |      40 |      67 |  62.6
      Elf:1 |   22810 |   11188 |  32.9 |      40 |      15 |  27.3
      Elf:2 |   17085 |   29794 |  63.6 |      32 |      39 |  54.9
      Elf:3 |   17359 |   41860 |  70.7 |      31 |      31 |  50.0
   Depths:1 |   39614 |   20884 |  34.5 |      65 |      23 |  26.1
   Depths:2 |   30602 |    8949 |  22.6 |      41 |       5 |  10.9
   Depths:3 |   36412 |   51701 |  58.7 |      49 |      46 |  48.4
   Depths:4 |   23670 |   59931 |  71.7 |      30 |      44 |  59.5
   Depths:5 |   41593 |   24165 |  36.7 |      37 |      19 |  33.9
    Abyss:2 |   19301 |       0 |   0.0 |      48 |       0 |   0.0
    Abyss:3 |   75451 |   11395 |  13.1 |     159 |      19 |  10.7
    Ossuary |       0 |     585 | 100.0 |       0 |      33 | 100.0
      IceCv |       0 |   11908 | 100.0 |       0 |      50 | 100.0
   Gauntlet |       0 |    5497 | 100.0 |       0 |      13 | 100.0
            +---------+---------+-------+---------+---------+-------
